 Dungeon Crawl Stone Soup version 0.31-a0-765-g67fe2935dc (webtiles) character file.

Game seed: 16419256652378889205

1390 Skeral the Insei (level 8, -9/57 HPs)
             Began as an Octopode Shapeshifter on Sept 15, 2023.
             Mangled by a gnoll
             ... wielding a +0 halberd
             ... led by a gnoll bouda
              (11 damage)
             ... on level 6 of the Dungeon.
             The game lasted 00:11:33 (3665 turns).

Skeral the Insei (Octopode Shapeshifter)            Turns: 3665, Time: 00:11:34

Health: -9/57      AC:  1    Str: 13    XL:     8   Next: 68%
Magic:  8/8        EV: 13    Int: 13    God:
Gold:   301        SH:  0    Dex: 13    Spells: 7/7 levels left

rFire   . .          .
                       - Unarmed
rCold   . . .        (no shield)
rNeg    . . .        (helmet currently unavailable)
rPois   .            g - amulet of regeneration
rElec   .            (no ring)
rCorr   .            (no ring)
SInv    .            (no ring)
Will    .....        (no ring)
Stlth   +            (no ring)
HPRegen 1.09/turn    (no ring)
MPRegen 0.11/turn    (no ring)
                     (no ring)

%: no passive effects
@: beast-form, silenced
A: beast (slay +3), almost no armour, amphibious, 8 rings, camouflage 1,
gelatinous body 1, (nimble swimmer 1), tentacles
a: Begin Untransformation


You were on level 6 of the Dungeon.
You were a hulking beast.
You visited 1 branch of the dungeon, and saw 6 of its levels.

You collected 301 gold pieces.


Innate Abilities, Weirdness & Mutations

You are a hulking beast.
Your limbs bulge with bestial killing power. (Slay +3)
You cannot wear most types of armour.
You are amphibious.
You can wear up to eight rings at the same time.
Your skin changes colour to match your surroundings (Stealth+).
Your rubbery body absorbs attacks. (AC +1, EV +1)
((You are camouflaged when in or above water. (Stealth+)))
You have tentacles for arms and can constrict up to eight enemies at once.


   Skills:
 + Level 6.0 Fighting
 - Level 2.0 Dodging
 + Level 6.6 Unarmed Combat
 + Level 6.2 Shapeshifting


You had 7 spell levels left.
You didn't know any spells.
Your spell library contained the following spells:

 Spells                   Type           Power      Damage    Failure   Level
 Shock                    Conj/Air       0%         1d3       30%         1
 Static Discharge         Conj/Air       0%         2-2/arc   43%         2
 Wereblood                Tmut           0%         N/A       43%         2
 Swiftness                Air            0%         N/A       67%         3
 Airstrike                Air            0%         2d(0-16)  97%         4
 Summon Lightning Spire   Summ/Air       0%         N/A       97%         4
 Irradiate                Conj/Tmut      0%         3d11      100%        5

Inventory:

Missiles
 j - 6 boomerangs
 l - a throwing net {=f!f}
 o - 4 poisoned darts
Armour
 n - the orb "Zeinyschi" {*Rage, rPois rF+ Str-5 Slay+3}
   (You found it on level 4 of the Dungeon)

   Str-5:     It affects your strength (-5).
   Slay+3:    It affects your accuracy & damage with ranged weapons and melee
   (+3).
   rF+:       It protects you from fire.
   rPois:     It protects you from poison
Jewellery
 g - an amulet of regeneration (around mantle)
   (You found it on level 2 of the Dungeon)
Talismans
 b - a beast talisman (active)
 c - a flux talisman
Wands
 p - a wand of acid (13)
   (You took it off Ijyb on level 5 of the Dungeon)
 q - a wand of polymorph (9)
   (You found it on level 5 of the Dungeon)
Scrolls
 f - 4 scrolls of identify {unknown}
Potions
 a - a potion of lignification {!q}
 h - a potion of magic {unknown}
 i - 3 potions of mutation {unknown}
 k - a potion of might {unknown}
 m - a potion of degeneration {unknown}

Dungeon Overview and Level Annotations

Branches:
Dungeon (6/15) Zot: 26920
 Temple: D:4-7

Altars:
Hepliaklqana
Makhleb
Vehumet

Shops:
D:1

(
###########
#.........#
#.#######.#
##.## #.# ..
######...##
#.#####...#
..........##
#.h...KK...
######.....#
###F###...
##..#.# #g#
##.#.# #g#
#...# # #.#
#.### #l# #.
#)# ######.
..# .......
...#


You could see a bullfrog, an iguana, 2 gnolls and 2 kobolds.


Message History

A kobold comes into view. It is wielding a +0 dagger. 😎 HP[+1]
Your hp is fully restored (57).
A gnoll and 2 kobolds come into view.
A kobold is wielding a +0 short sword and quivering poisoned darts.
The kobold shouts! x2; You hear a shout! x2
You see here a +2 short sword of venom.
The gnoll shouts!
You hear a shout!
You hear a loud, deep croak!
A gnoll bouda comes into view. It is wielding a +0 club.
You hear a shout! 3 gnolls come into view.
The gnoll shouts! x2
You bludgeon the gnoll! You grab the gnoll. You constrict the gnoll.
You kill the gnoll!
You tentacle-slap the gnoll. You grab the gnoll. You constrict the gnoll.
The gnoll hits you with a +0 flail!
The gnoll bouda calls upon its god to heal the gnoll.
The gnoll's wounds heal themselves! 😕 HP[-13]
You take 13 damage, and now have 44/57 hp.
MASSIVE DAMAGE!! (PAUSE)
You tentacle-slap the gnoll. x2
You constrict the gnoll, but do no damage. 😕 HP[+1]
You tentacle-slap the gnoll but do no damage.
You constrict the gnoll.
You kill the gnoll!
Your Fighting skill increases to level 6! 😕 HP[+1]
A bullfrog comes into view.
The kobold hits you with a +0 short sword.
The gnoll bouda barks out a call to the hunt!
The gnolls pick up the pace! 😕 HP[-1]
You take 1 damage, and now have 45/57 hp.
You bludgeon the kobold!
You kill the kobold! 😕 HP[+1]
You tentacle-slap the kobold.
You kill the kobold!
The gnoll hits you from afar with a +0 halberd.
The gnoll bouda barely misses you. 😕 HP[-2]
You take 2 damage, and now have 44/57 hp.
Items here: ( )) ††. 😕 HP[+1] 😕 HP[+1]
You tentacle-slap the gnoll bouda. Your grab misses the gnoll bouda.
The gnoll bouda hits you with a +0 club.
The gnoll hits you from afar with a +0 halberd! 😮 HP[-8]
You take 8 damage, and now have 38/57 hp.
You tentacle-slap the gnoll bouda. You grab the gnoll bouda.
You squeeze the gnoll bouda. You constrict the gnoll bouda.
The gnoll bouda barely misses you. 😮 HP[+1]
You bludgeon the gnoll bouda!
You kill the gnoll bouda! 😮 HP[+1]
The bullfrog hits you! 😮 HP[-6]
You take 6 damage, and now have 34/57 hp.
You tentacle-slap the bullfrog. Your grab misses the bullfrog.
Your squeeze misses the bullfrog. The bullfrog misses you.
The gnoll completely misses you.
An iguana comes into view. 😮 HP[+1]
You tentacle-slap the bullfrog. You grab the bullfrog.
You constrict the bullfrog. The bullfrog misses you.
The gnoll hits you from afar with a +0 halberd!
* * * LOW HITPOINT WARNING * * *
The bullfrog hits you.
* * * LOW HITPOINT WARNING * * *
😨 HP[-15]
You take 15 damage, and now have 20/57 hp.
MASSIVE DAMAGE!! (PAUSE)
You release your grip on the bullfrog. 2 kobolds come into view.
The kobold shouts!
You hear a shout!
The kobold moves out of view.
You see here a +2 short sword of venom. 😨 HP[+1]
The gnoll attacks as it pursues you!
The gnoll hits you from afar with a +0 halberd!
* * * LOW HITPOINT WARNING * * *
😱 HP[-12]
You take 12 damage, and now have 9/57 hp.
MASSIVE DAMAGE!! (PAUSE)
As you read the scroll labelled LAB VIEKHLYBUO, it crumbles to dust.
It is a scroll of enchant armour.
You aren't carrying any armour which can be enchanted further.
The bullfrog hits you.
* * * LOW HITPOINT WARNING * * *
The gnoll barely misses you. The bullfrog barely misses you.
As you read the scroll labelled XUGAENOTURO, it crumbles to dust.
A profound silence engulfs you.
It was a scroll of silence.
The bullfrog hits you!
* * * LOW HITPOINT WARNING * * *
The gnoll hits you from afar with a +0 halberd!
You die...

Skill      XL: |  1  2  3  4  5  6  7  8 |
---------------+-------------------------+-----
Fighting       | 2 3 4 5 6 |  6.0
Unarmed Combat | 4 5 6 |  6.6
Shapeshifting  | 4 5 6 |  6.2
Dodging        | |  2.0

Action                     |  1- 3 |  4- 6 |  7- 9 || total
---------------------------+-------+-------+-------++-------
  Melee: Unarmed           |    54 |    60 |    93 ||   207
         Constrict         |    14 |    12 |    21 ||    47
         Tentacles         |     9 |    13 |    23 ||    45
         Punch             |       |     4 |     5 ||     9
    Use: Scroll            |       |       |     2 ||     2
   Stab: Sleeping          |     5 |     4 |     4 ||    13
         Distracted        |     1 |       |       ||     1
 Armour: Skin              |    18 |    36 |    45 ||    99
  Dodge: Dodged            |    27 |    46 |    56 ||   129

Levels and vault maps discovered:
D:1:      tarquinn_simple_flora_water_a, layout_basic, serial_shops,
          nicolae_shop_crystal
D:2:      minmay_angry_zag, layout_basic,
          hellmonk_ecumenical_altar_watching_god, minmay_heptomino_d4
D:3:      layout_basic, uniq_grinder
D:4:      layout_basic, minitemple, minmay_small_thing
D:5:      layout_layer_cave, grunt_decor_junction, uniq_ijyb
D:6:      minmay_evil_eye, layout_loops_ring

Notes
Turn   | Place    | Note
-------+----------+-------------------------------------------
     0 | D:1      | Skeral the Octopode Shapeshifter began the quest for the
                  | Orb.
     0 | D:1      | Reached XP level 1. HP: 13/13 MP: 1/1
     0 | D:1      | magus.rc [v1.10.3]
    39 | D:1      | Reached XP level 2. HP: 14/18 MP: 2/2
   262 | D:1      | Found Heamoj's Antique Weapon Boutique.
   347 | D:1      | You pick up a book of Air and begin reading...
   347 | D:1      | You add the spells Shock, Swiftness and Airstrike to your
                  | library.
   581 | D:2      | Reached XP level 3. HP: 19/24 MP: 3/3
   631 | D:2      | Noticed a golden eye
   633 | D:2      | Found a faded altar of an unknown god.
   635 | D:2      | Noticed a shining eye
   635 | D:2      | Noticed an eye of devastation
   635 | D:2      | Noticed a shining eye
   720 | D:2      | Reached skill level 2 in Fighting
   863 | D:2      | Reached XP level 4. HP: 29/29 MP: 4/4
  1310 | D:3      | Noticed Grinder
  1318 | D:3      | HP: 6/30 [Grinder (10)]
  1320 | D:3      | Killed Grinder
  1321 | D:3      | Reached skill level 3 in Fighting
  1321 | D:3      | Reached skill level 4 in Unarmed Combat
  1321 | D:3      | Reached skill level 4 in Shapeshifting
  1321 | D:3      | Reached XP level 5. HP: 9/36 MP: 5/5
  1321 | D:3      | Reached XP level 6. HP: 11/42 MP: 6/6
  2039 | D:4      | Identified the orb "Zeinyschi" {*Rage, rPois rF+ Str-5
                  | Slay+3}
  2043 | D:4      | Found a burning altar of Makhleb.
  2044 | D:4      | Found a radiant altar of Vehumet.
  2048 | D:4      | Found a hazy altar of Hepliaklqana.
  2148 | D:4      | Reached skill level 4 in Fighting
  2156 | D:4      | Reached skill level 5 in Unarmed Combat
  2156 | D:4      | Reached XP level 7. HP: 27/48 MP: 7/7
  2255 | D:4      | You pick up a book of Storms and begin reading...
  2255 | D:4      | You add the spells Static Discharge and Summon Lightning
                  | Spire to your library.
  2356 | D:4      | Reached skill level 5 in Shapeshifting
  2419 | D:4      | You pick up a book of Changes and begin reading...
  2419 | D:4      | You add the spells Wereblood and Irradiate to your library.
  2645 | D:5      | Entered Level 5 of the Dungeon
  2751 | D:5      | Noticed Ijyb
  2808 | D:5      | Killed Ijyb
  2815 | D:5      | Reached skill level 5 in Fighting
  2815 | D:5      | Reached XP level 8. HP: 43/55 MP: 8/8
  2877 | D:5      | Reached skill level 6 in Unarmed Combat
  3588 | D:6      | Reached skill level 6 in Shapeshifting
  3651 | D:6      | Reached skill level 6 in Fighting
  3663 | D:6      | HP: 9/57 [gnoll/+0 halberd[a gnoll bouda] (13)]
  3665 | D:6      | HP: 2/57 [bullfrog (8)]
  3665 | D:6      | Mangled by a gnoll

Vanquished Creatures
  Grinder (D:3)
  A sky beast (D:6)
  2 ogres (D:5)
  2 black bears (D:5)
  A centaur (D:4)
  A phantom (D:6)
  2 howler monkeys
  3 hounds
  2 jellies
  2 gnoll boudas
  Ijyb (D:5)
  2 iguanas (D:5)
  9 gnolls
  7 adders
  A white imp (D:5)
  An ufetubus (D:5)
  2 worms
  5 dart slugs
  4 endoplasms
  7 goblins
  4 hobgoblins
  6 jackals
  8 kobolds
  3 quokkas
  3 ball pythons
  3 bats
  6 frilled lizards
  A rat (D:3)
90 creatures vanquished.

Vanquished Creatures (others)
  A jackal (D:5)
1 creature vanquished.

Grand Total: 91 creatures vanquished

Table legend:
 A = Non-vault XP
 B = Vault XP
 C = Vault XP percentage of total XP
 D = Non-vault monster count
 E = Vault monster count
 F = Vault count percentage of total count
                 A         B        C        D         E       F
            +---------+---------+-------+---------+---------+-------
      Total |    1456 |     531 |  26.7 |      78 |      13 |  14.3
            +---------+---------+-------+---------+---------+-------
        D:1 |      26 |       0 |   0.0 |      15 |       0 |   0.0
        D:2 |      53 |      21 |  28.4 |      10 |       9 |  47.4
        D:3 |     102 |     304 |  74.9 |      16 |       1 |   5.9
        D:4 |     164 |     170 |  50.9 |      13 |       2 |  13.3
        D:5 |     767 |      36 |   4.5 |      16 |       1 |   5.9
        D:6 |     344 |       0 |   0.0 |       8 |       0 |   0.0
            +---------+---------+-------+---------+---------+-------

Skill      XL: |  1  2  3  4  5  6  7  8 |
---------------+-------------------------+-----
Fighting       | 2 3 4 5 6 |  6.0
Unarmed Combat | 4 5 6 |  6.6
Shapeshifting  | 4 5 6 |  6.2
Dodging        | |  2.0

Action                     |  1- 3 |  4- 6 |  7- 9 || total
---------------------------+-------+-------+-------++-------
  Melee: Unarmed           |    54 |    60 |    93 ||   207
         Constrict         |    14 |    12 |    21 ||    47
         Tentacles         |     9 |    13 |    23 ||    45
         Punch             |       |     4 |     5 ||     9
    Use: Scroll            |       |       |     2 ||     2
   Stab: Sleeping          |     5 |     4 |     4 ||    13
         Distracted        |     1 |       |       ||     1
 Armour: Skin              |    18 |    36 |    45 ||    99
  Dodge: Dodged            |    27 |    46 |    56 ||   129

Illustrated notes

Table legend:
 A = Kills in this place as a percentage of kills in the entire game.
 B = Kills by you in this place as a percentage of kills by you in the entire game.
 C = Kills by friends in this place as a percentage of kills by friends in the entire game.
 D = Other kills in this place as a percentage of other kills in the entire game.
 E = Experience gained in this place as a percentage of experience gained in the entire game.
 F = Experience gained in this place divided by the number of levels of this place that you have seen.
                   A       B       C       D       E      F
               +-------+-------+-------+-------+-------+----------------------
         Total | 100.0 | 100.0 |   N/A | 100.0 | 100.0 | 331.2
       Dungeon | 100.0 | 100.0 |   N/A | 100.0 | 100.0 | 331.2
               +-------+-------+-------+-------+-------+----------------------

Table legend: (Time is in decaauts)
 A = Elapsed time spent in this place.
 B = Non-inter-level travel time spent in this place.
 C = Inter-level travel time spent in this place.
 D = Time resting spent in this place.
 E = Time spent auto-exploring this place.
 F = Levels seen in this place.
 G = Mean time per level.
                   A        B        C        D        E       F      G
               +--------+--------+--------+--------+--------+-----+--------+
         Total |   3644 |   3552 |     92 |    136 |   1838 |   6 |  607.3 |
       Dungeon |   3644 |   3552 |     92 |    136 |   1838 |   6 |  607.3 |
               +--------+--------+--------+--------+--------+-----+--------+

Top non-repeatable levels by time:
     D:5: 932 daAuts
     D:4: 879 daAuts
     D:3: 604 daAuts
     D:2: 585 daAuts
     D:1: 564 daAuts
     D:6: 78 daAuts
